[Event "Titled Tuesday Blitz August 22 Early 2023"]
[White "Sipila, Vilka"]
[Black "KrokerGuy"]
[WhiteFideId "505455"]
[WhiteElo "2629"]
[BlackElo "2469"]
[Result "1-0"]
[Round "3"]
[TimeControl "180+1"]
[Date "2023.08.22"]
[WhiteClock "0:00:25"]
[BlackClock "0:00:00"]
[Board "104"]

1. Nc3 e5 2. Nf3 Nc6 3. d4 exd4 4. Nxd4 Nf6 5. Bg5 Be7 6. Nf5 O-O 7. Nxe7+ Qxe7 8. Nd5 Qe5 9. Bxf6 gxf6 10. c3 Ne7 11. Nxe7+ Qxe7 12. h4 d6 13. Qd2 Be6 14. g4 d5 15. Qf4 Rfd8 16. e3 d4 17. Bg2 dxe3 18. fxe3 Bd5 19. e4 Re8 20. O-O-O Bxa2 21. g5 fxg5 22. hxg5 Qe6 23. Qh4 Qg6 24. Rdf1 Re6 25. Rf6 Rxf6 26. gxf6 Re8 27. Bf3 Kh8 28. Qf4 Re6 29. e5 c6 30. Be4 Rxf6 31. exf6 1-0


[Site "https://www.chess.com"]

[Event "Titled Tuesday Blitz August 22 Early 2023"]
[White "Serban, Cristian-Stefan"]
[Black "Palchuk, Andrii"]
[WhiteFideId "1241443"]
[BlackFideId "14176688"]
[WhiteElo "2466"]
[BlackElo "2627"]
[Result "0-1"]
[Round "3"]
[TimeControl "180+1"]
[Date "2023.08.22"]
[WhiteClock "0:00:11"]
[BlackClock "0:00:07"]
[Board "105"]

1. d4 Nf6 2. Bf4 d5 3. e3 c5 4. Nf3 Nc6 5. Nbd2 cxd4 6. exd4 Bf5 7. c3 e6 8. Qb3 Qc8 9. Ne5 Be7 10. Nxc6 bxc6 11. Qa4 a5 12. Nf3 Nd7 13. Ne5 Nxe5 14. Bxe5 O-O 15. Be2 Qd7 16. O-O Bd6 17. Bxd6 Qxd6 18. Rac1 Rfb8 19. b3 c5 20. Bf3 Ra7 21. Rfd1 Qe7 22. c4 cxd4 23. Rxd4 Rc8 24. Rcd1 dxc4 25. Rxc4 Rxc4 26. Qxc4 h6 27. h3 Rc7 28. Qb5 Rc5 29. Qb8+ Kh7 30. Rd8 Rc1+ 31. Kh2 Rc2 32. Rh8+ Kg6 33. a4 Qg5 34. Qg3 Qxg3+ 35. Kxg3 Rc3 36. Ra8 Rxb3 37. Rxa5 Kf6 38. Ra7 Ra3 39. a5 e5 40. Kh2 e4 41. Bg4 Bg6 42. a6 Ra2 43. Kg3 h5 44. Bc8 h4+ 45. Kxh4 Rxf2 46. Kg3 e3 47. Bb7 Ra2 48. Ra8 Bf5 49. Re8 Be6 50. Rd8 e2 51. Kf2 Bc4 52. Ke1 Ra1+ 53. Kf2 e1=Q+ 54. Kf3 Qe2+ 0-1


[Site "https://www.chess.com"]

[Event "Titled Tuesday Blitz August 22 Early 2023"]
[White "SmirnovAlexandrA"]
[Black "Ljukin, Sergei"]
[BlackFideId "14102200"]
[WhiteElo "2626"]
[BlackElo "2466"]
[Result "1-0"]
[Round "3"]
[TimeControl "180+1"]
[Date "2023.08.22"]
[WhiteClock "0:00:29"]
[BlackClock "0:00:00"]
[Board "106"]

1. e4 e6 2. d4 d5 3. Nc3 Bb4 4. e5 Ne7 5. Qg4 c5 6. a3 Bxc3+ 7. bxc3 Qc7 8. Qxg7 Rg8 9. Qxh7 cxd4 10. Ne2 Nbc6 11. f4 Bd7 12. Qd3 dxc3 13. Rb1 O-O-O 14. h4 d4 15. h5 Nf5 16. h6 Rg6 17. h7 Rh8 18. Qf3 Na5 19. Rh3 Nc4 20. g4 Bc6 21. Qd3 Rxg4 22. Qxc4 Nh4 23. Nxd4 Rxh7 24. Be3 Bg2 25. Qxc7+ Kxc7 26. Rh2 a6 27. Rb3 Bd5 28. Rxc3+ Kd7 29. Kf2 Rhg7 30. Ne2 Ng2 31. Bc5 Nxf4 32. Bd6 Ng6 33. Rc7+ Kd8 34. Nc3 Bc6 35. Bxa6 Nh4 36. Bxb7 Bxb7 37. Rxb7 Rf4+ 38. Ke3 Rf3+ 39. Kd4 Rg4+ 40. Ne4 Nf5+ 41. Kc5 1-0


[Site "https://www.chess.com"]

[Event "Titled Tuesday Blitz August 22 Early 2023"]
[White "Turayev, Shahruh"]
[Black "Maus7"]
[WhiteFideId "14003856"]
[WhiteElo "2625"]
[BlackElo "2464"]
[Result "1-0"]
[Round "3"]
[TimeControl "180+1"]
[Date "2023.08.22"]
[WhiteClock "0:00:12"]
[BlackClock "0:00:01"]
[Board "107"]

1. e4 e6 2. Nc3 d5 3. exd5 exd5 4. d4 c6 5. Bd3 Bd6 6. Qf3 Qf6 7. Be3 Qxf3 8. Nxf3 Ne7 9. O-O-O Bg4 10. Rde1 Bxf3 11. gxf3 Nd7 12. Bg5 f6 13. Bh4 Kf7 14. Bg3 Bb4 15. a3 Bxc3 16. bxc3 b5 17. h4 Rae8 18. h5 a6 19. Kd2 Nc8 20. Rxe8 Kxe8 21. Bf5 Ndb6 22. Re1+ Kf7 23. Bc7 Nc4+ 24. Kd3 Nb2+ 25. Kd2 Nc4+ 26. Kc1 g6 27. Be6+ Kg7 28. Bf4 Re8 29. h6+ Kf8 30. Kd1 Nb2+ 31. Kd2 Nc4+ 32. Kd1 N8b6 33. Re2 Na4 34. Bd2 Nxa3 35. Bd7 Rxe2 36. Kxe2 Ke7 37. Bxc6 Ke6 38. Be8 g5 39. Bg6 Ke7 40. Bxh7 Kf7 41. Bd3 Nb6 42. f4 Nac4 43. fxg5 fxg5 44. Bxg5 a5 45. h7 Kg7 46. Bf6+ Kxf6 47. h8=Q+ Ke6 48. Qh6+ Kd7 49. Bxc4 Nxc4 50. Qa6 1-0


[Site "https://www.chess.com"]

[Event "Titled Tuesday Blitz August 22 Early 2023"]
[White "Perera Alfonso, Rene Humberto"]
[Black "Gimenez Aguirre, Alejo Ismael"]
[WhiteFideId "3514722"]
[BlackFideId "32041667"]
[WhiteElo "2463"]
[BlackElo "2624"]
[Result "1-0"]
[Round "3"]
[TimeControl "180+1"]
[Date "2023.08.22"]
[WhiteClock "0:01:38"]
[BlackClock "0:00:57"]
[Board "108"]

1. e4 c5 2. Nf3 g6 3. d4 cxd4 4. Nxd4 Bg7 5. Nc3 Nc6 6. Be3 Nf6 7. Bc4 O-O 8. Bb3 d6 9. f3 Bd7 10. Qd2 Nxd4 11. Bxd4 b5 12. h4 b4 13. Nd5 Nxd5 14. Bxd5 Rc8 15. Bxg7 Kxg7 16. h5 Rh8 17. h6+ Kf8 18. O-O-O Qb6 19. Kb1 e6 20. Bb3 Ke7 21. e5 d5 22. Qg5+ Kf8 23. f4 Qd8 24. Qg3 f6 25. f5 exf5 26. Bxd5 Qe7 27. Rhe1 f4 28. Qxf4 Bf5 29. Bb3 Re8 30. exf6 Qxf6 31. Qxb4+ Re7 32. Rd8# 1-0


[Site "https://www.chess.com"]

[Event "Titled Tuesday Blitz August 22 Early 2023"]
[White "Amartuvshin, Ganzorig"]
[Black "dodoucb"]
[WhiteFideId "4902548"]
[WhiteElo "2623"]
[BlackElo "2462"]
[Result "1-0"]
[Round "3"]
[TimeControl "180+1"]
[Date "2023.08.22"]
[WhiteClock "0:00:55"]
[BlackClock "0:00:14"]
[Board "109"]

1. d4 Nf6 2. c4 e6 3. Nc3 Bb4 4. Nf3 b6 5. e3 O-O 6. Bd3 Ba6 7. O-O d5 8. cxd5 Bxd3 9. Qxd3 exd5 10. a3 Bd6 11. b4 Re8 12. Bb2 c6 13. Rad1 Nbd7 14. b5 Qc7 15. bxc6 Qxc6 16. Rc1 a6 17. h3 b5 18. a4 Qc4 19. Qd1 Qb4 20. Rb1 Qa5 21. axb5 axb5 22. Qb3 b4 23. Ra1 Qd8 24. Nxd5 Rxa1 25. Nxf6+ Nxf6 26. Rxa1 Qb6 27. Ng5 Qb7 28. Ra6 Bf8 29. Qa4 Qc8 30. Ra7 Qf5 31. Nxf7 Qb1+ 32. Kh2 Qxb2 33. Ne5 Qxf2 34. Qb3+ 1-0


[Site "https://www.chess.com"]

[Event "Titled Tuesday Blitz August 22 Early 2023"]
[White "Liu, Casper"]
[Black "HamedWafa4"]
[WhiteFideId "1454153"]
[WhiteElo "2461"]
[BlackElo "2623"]
[Result "0-1"]
[Round "3"]
[TimeControl "180+1"]
[Date "2023.08.22"]
[WhiteClock "0:00:00"]
[BlackClock "0:01:31"]
[Board "110"]

1. e4 e5 2. d4 exd4 3. Qxd4 Nc6 4. Qe3 Nf6 5. Nc3 Bb4 6. Bd2 O-O 7. O-O-O Re8 8. Qf4 Bxc3 9. Bxc3 Nxe4 10. Bc4 Nf6 11. f3 d6 12. Nh3 Be6 13. Bxe6 fxe6 14. Ng5 h6 15. h4 Qd7 16. Bxf6 Rf8 17. Ne4 Qf7 18. Rh3 d5 19. Nc5 b6 20. g4 bxc5 21. g5 gxf6 22. gxf6 Qxf6 23. Rg3+ Kh7 24. Qxc7+ Rf7 25. Qxc6 Qf4+ 26. Kb1 Qxg3 27. Qxa8 Qxf3 28. Rc1 Qe2 29. a3 Qe5 0-1


[Site "https://www.chess.com"]

[Event "Titled Tuesday Blitz August 22 Early 2023"]
[White "Derichs, Roger"]
[Black "Iskusnyh, Sergei"]
[WhiteFideId "4630076"]
[BlackFideId "4120027"]
[WhiteElo "2461"]
[BlackElo "2623"]
[Result "0-1"]
[Round "3"]
[TimeControl "180+1"]
[Date "2023.08.22"]
[WhiteClock "0:00:13"]
[BlackClock "0:00:30"]
[Board "111"]

1. d4 d5 2. Nf3 Nf6 3. c3 c6 4. Qc2 g6 5. Bf4 Bg7 6. e3 Bf5 7. Qb3 Qc8 8. h3 O-O 9. Nbd2 c5 10. g4 Be6 11. Qa3 cxd4 12. cxd4 Nc6 13. Be2 Ne4 14. Rc1 Qd7 15. O-O Bxg4 16. hxg4 Qxg4+ 17. Bg3 Nxd2 18. Nxd2 Qxe2 19. Rc2 h5 20. Rfc1 Qg4 21. Kh1 e5 22. dxe5 Nxe5 23. Nf1 Qe4+ 24. Kh2 Nf3+ 25. Kh3 Qg4+ 26. Kg2 h4 0-1


[Site "https://www.chess.com"]

[Event "Titled Tuesday Blitz August 22 Early 2023"]
[White "Aaditya Dhingra"]
[Black "NLLO777"]
[WhiteFideId "25678191"]
[WhiteElo "2623"]
[BlackElo "2461"]
[Result "1-0"]
[Round "3"]
[TimeControl "180+1"]
[Date "2023.08.22"]
[WhiteClock "0:00:06"]
[BlackClock "0:00:09"]
[Board "112"]

1. d4 Nf6 2. c4 c5 3. d5 b5 4. Qc2 d6 5. e4 g6 6. Nc3 b4 7. Nd1 Bg7 8. f4 O-O 9. Nf3 e6 10. Be2 exd5 11. cxd5 Re8 12. Nf2 Qe7 13. O-O Nxe4 14. Bb5 Bf5 15. Bxe8 Nxf2 16. Bxf7+ Qxf7 17. Qxf2 Qxd5 18. Be3 Nc6 19. Rad1 Qe6 20. Rfe1 Qf6 21. b3 Rd8 22. h3 h6 23. Qh4 Qc3 24. Bf2 Kh7 25. Ng5+ Kg8 26. Ne6 Rd7 27. Nxg7 Kxg7 28. Qg3 Qxg3 29. Bxg3 Nd4 30. Bf2 Ne6 31. g4 Bc2 32. Rd2 Nxf4 33. Rxc2 Nxh3+ 34. Kg2 Nf4+ 35. Kh2 g5 36. Bg3 Ng6 37. Rd2 d5 38. Red1 d4 39. Rc1 Rd5 40. Rdc2 d3 41. Rd2 Kf6 42. Rcd1 Nf4 43. Bxf4 gxf4 44. Rxd3 Re5 45. Kg2 Re2+ 46. Kf3 Rxa2 47. Rd6+ Ke7 48. Rd7+ Ke6 49. R1d6+ Ke5 50. Rd5+ Ke6 51. Kxf4 Rb2 52. R7d6+ Ke7 53. Rxh6 Rxb3 54. Re5+ Kd7 55. Rxc5 Rh3 56. Rxh3 1-0


[Site "https://www.chess.com"]

[Event "Titled Tuesday Blitz August 22 Early 2023"]
[White "Bodnaruk, Anastasia"]
[Black "Swicarz, Maciej"]
[WhiteFideId "4181751"]
[BlackFideId "1113585"]
[WhiteElo "2620"]
[BlackElo "2461"]
[Result "1-0"]
[Round "3"]
[TimeControl "180+1"]
[Date "2023.08.22"]
[WhiteClock "0:00:17"]
[BlackClock "0:00:00"]
[Board "113"]

1. e4 c5 2. Nc3 d6 3. Nge2 Nf6 4. d4 cxd4 5. Nxd4 a6 6. h3 e5 7. Nde2 h5 8. g3 Be7 9. Bg2 Be6 10. O-O Nbd7 11. a4 Rc8 12. Be3 Nb6 13. b3 Qc7 14. f4 exf4 15. gxf4 a5 16. Nb5 Qd8 17. f5 Bd7 18. Nxd6+ Bxd6 19. Qxd6 Rc6 20. Qe5+ Kf8 21. Nd4 Rc8 22. Qd6+ Kg8 23. Ne6 fxe6 24. Bxb6 Qe8 25. c4 exf5 26. exf5 Bc6 27. Rae1 Qf7 28. Re7 Qf8 29. Qe6+ Kh7 30. Bd4 Bxg2 31. Kxg2 Rc6 32. Qe5 b6 33. Rf3 Rg8 34. Rg3 Qc8 35. Qf4 Qd8 36. Qe5 Rd6 37. Be3 Qb8 38. Re6 Rxe6 39. Qxb8 Rxb8 40. fxe6 Kg8 41. Bd4 Kf8 42. Be5 1-0


[Site "https://www.chess.com"]

[Event "Titled Tuesday Blitz August 22 Early 2023"]
[White "Fule, Simon"]
[Black "Maltsevskaya, Aleksandra"]
[WhiteFideId "787515"]
[BlackFideId "24174041"]
[WhiteElo "2461"]
[BlackElo "2619"]
[Result "0-1"]
[Round "3"]
[TimeControl "180+1"]
[Date "2023.08.22"]
[WhiteClock "0:00:06"]
[BlackClock "0:00:59"]
[Board "114"]

1. e4 c5 2. Nf3 e6 3. d4 cxd4 4. Nxd4 Nf6 5. Nc3 Nc6 6. Nxc6 bxc6 7. e5 Nd5 8. Ne4 Qc7 9. f4 Qb6 10. c4 Bb4+ 11. Ke2 f5 12. exf6 Nxf6 13. Be3 Qd8 14. Nd6+ Bxd6 15. Qxd6 c5 16. Rd1 Bb7 17. Rg1 Rc8 18. g3 Ne4 19. Qe5 O-O 20. Bg2 d6 21. Qxe6+ Kh8 22. Bxe4 Re8 23. Qxd6 Qxd6 24. Rxd6 Bxe4 25. Rgd1 h6 26. Kf2 Kh7 27. Rd7 a5 28. Ra7 Bf5 29. Rxa5 Bg4 30. Rd5 Re4 31. Raxc5 Rxc4 32. Rxc8 Rxc8 33. Rd2 Rc1 34. b3 Rh1 35. Kg2 Rb1 36. h3 Bf5 37. g4 Be4+ 38. Kg3 Rf1 39. Bf2 h5 40. gxh5 Rc1 41. Rd4 Rc3+ 42. Kh4 Bf5 43. Kg5 Bxh3 44. Rd7 Rc2 45. Bd4 Bxd7 0-1


[Site "https://www.chess.com"]

[Event "Titled Tuesday Blitz August 22 Early 2023"]
[White "Womacka, Mathias"]
[Black "Tologon tegin, Semetei"]
[WhiteFideId "4611390"]
[BlackFideId "13800574"]
[WhiteElo "2459"]
[BlackElo "2619"]
[Result "0-1"]
[Round "3"]
[TimeControl "180+1"]
[Date "2023.08.22"]
[WhiteClock "0:00:00"]
[BlackClock "0:00:04"]
[Board "115"]

1. e4 e5 2. Nf3 Nc6 3. Bb5 a6 4. Bxc6 dxc6 5. O-O Qf6 6. d4 exd4 7. Bg5 Qg6 8. Qxd4 Be7 9. Bxe7 Nxe7 10. Qe5 Qd6 11. Nc3 Bg4 12. Qg3 Bxf3 13. Qxf3 O-O 14. Rad1 Qe6 15. Rd3 Ng6 16. Qg3 Ne5 17. Rd4 Rad8 18. Rfd1 Rxd4 19. Rxd4 f6 20. h3 c5 21. Rd1 c6 22. Qe3 b6 23. b3 Nf7 24. Na4 Rb8 25. c4 Nd6 26. Qf4 Rd8 27. Nxb6 Qe7 28. Na4 Nb7 29. Rxd8+ Qxd8 30. Kh2 h6 31. h4 Kh8 32. h5 Qe8 33. Qf5 Qe7 34. f3 Qc7+ 35. Kh3 Qd8 36. Nxc5 Nd6 37. Qd7 Qb8 38. Ne6 Ne8 39. Qxc6 Kh7 40. Qd7 Kg8 41. Qe7 Kh7 42. Nf8+ Kg8 43. Ng6 Qc8+ 44. g4 Nc7 0-1


[Site "https://www.chess.com"]

[Event "Titled Tuesday Blitz August 22 Early 2023"]
[White "Sliwicki, Damian"]
[Black "Altman, Joshua"]
[WhiteFideId "1127128"]
[BlackFideId "426210"]
[WhiteElo "2456"]
[BlackElo "2618"]
[Result "1-0"]
[Round "3"]
[TimeControl "180+1"]
[Date "2023.08.22"]
[WhiteClock "0:00:21"]
[BlackClock "0:00:17"]
[Board "116"]

1. e4 e6 2. Qe2 Be7 3. d4 d5 4. Nc3 dxe4 5. Nxe4 Nf6 6. Nf3 Nbd7 7. Bd2 O-O 8. O-O-O b6 9. Ne5 Bb7 10. Nxf6+ Bxf6 11. f4 c5 12. Bc3 Qc7 13. Nxd7 Qxd7 14. dxc5 Qc7 15. Bxf6 Qxf4+ 16. Kb1 Qxf6 17. cxb6 axb6 18. Qe3 Bd5 19. c4 Bc6 20. Bd3 g6 21. Rhf1 Qe7 22. h4 Qxh4 23. Rh1 Qf6 24. Rdf1 Qg7 25. Rh2 Rfd8 26. Bc2 h5 27. Qf4 Rd4 28. Qc7 Be4 29. Bxe4 Rxe4 30. Qc6 Re2 31. Qxa8+ Kh7 32. Qa3 f5 33. Qc3 Qd7 34. Rc1 Qc6 35. Rhh1 Qe4+ 36. Ka1 Qxg2 37. Rhe1 Rxe1 38. Rxe1 Qf2 39. Qe5 h4 40. Qxe6 h3 41. Qe7+ Kh6 42. Qe3+ Qxe3 43. Rxe3 h2 44. Rh3+ Kg5 45. Rxh2 Kg4 46. Rg2+ Kh5 47. Kb1 f4 48. Kc2 g5 49. Kd3 f3 50. Rg3 g4 51. Ke3 Kh4 52. Kf2 Kg5 53. b4 Kf4 54. c5 bxc5 55. bxc5 Ke5 56. c6 Kd6 57. Rxg4 Kxc6 58. Kxf3 Kb5 59. a4+ Ka5 60. Ke3 Ka6 61. Kd3 Kb6 62. Kc3 Ka6 63. Kb4 Kb6 64. Rg6+ Kb7 65. a5 Ka7 66. Kb5 Kb7 67. a6+ Kb8 68. Rg7 Ka8 69. Kb6 Kb8 70. Rg8# 1-0


[Site "https://www.chess.com"]

[Event "Titled Tuesday Blitz August 22 Early 2023"]
[White "CrazyAdvenTures"]
[Black "Sai Han Thiha"]
[BlackFideId "13012290"]
[WhiteElo "2615"]
[BlackElo "2450"]
[Result "1-0"]
[Round "3"]
[TimeControl "180+1"]
[Date "2023.08.22"]
[WhiteClock "0:00:28"]
[BlackClock "0:00:06"]
[Board "117"]

1. e4 c6 2. Nf3 d5 3. Nc3 Bg4 4. h3 Bxf3 5. Qxf3 e6 6. d4 Nf6 7. exd5 cxd5 8. Bd3 Nc6 9. Ne2 Be7 10. c3 O-O 11. O-O a6 12. g4 b5 13. g5 Ne8 14. h4 Nd6 15. Nf4 g6 16. Kg2 b4 17. Rh1 bxc3 18. bxc3 Ne4 19. Bxe4 dxe4 20. Qxe4 Rc8 21. h5 Bxg5 22. hxg6 hxg6 23. Nxe6 Re8 24. Bxg5 Rxe6 25. Qh4 Qd5+ 26. Kg1 Qxh1+ 27. Qxh1 Na5 28. Qf3 Nc4 29. Kg2 f6 30. Qd5 Re8 31. Re1 Kf7 32. Rxe6 Rxe6 33. Qxc4 fxg5 34. Kf3 Ke7 35. Qc5+ Kf6 36. Qf8# 1-0


[Site "https://www.chess.com"]

[Event "Titled Tuesday Blitz August 22 Early 2023"]
[White "WindWhistler11"]
[Black "Kvaloy, Aksel Bu"]
[BlackFideId "1528815"]
[WhiteElo "2443"]
[BlackElo "2612"]
[Result "1-0"]
[Round "3"]
[TimeControl "180+1"]
[Date "2023.08.22"]
[WhiteClock "0:00:07"]
[BlackClock "0:00:13"]
[Board "118"]

1. Nf3 Nf6 2. c4 g6 3. e3 Bg7 4. d4 O-O 5. Be2 d5 6. O-O c6 7. b3 Bg4 8. Nbd2 e6 9. Ba3 Re8 10. Ne5 Bxe2 11. Qxe2 Nbd7 12. Nd3 a6 13. Bd6 Nb6 14. c5 Nc8 15. Be5 Nd7 16. Bxg7 Kxg7 17. f4 f5 18. Nf3 Ne7 19. Qf2 Ng8 20. Ng5 h6 21. Nf3 Ngf6 22. Kh1 Ne4 23. Qe1 g5 24. Nd2 Ndf6 25. Ne5 Nxd2 26. Qxd2 Ne4 27. Qe2 g4 28. g3 h5 29. Kg2 h4 30. Rh1 Rh8 31. b4 h3+ 32. Kf1 a5 33. b5 cxb5 34. Qxb5 Qc7 35. Rc1 a4 36. Ke2 Ra5 37. Qb4 Rb8 38. Rb1 Ra6 39. Rhc1 Qd8 40. c6 Qd6 41. cxb7 Ra7 42. Qxd6 Nxd6 43. Rc7+ Kg8 44. Rd7 Raxb7 45. Rbxb7 Nxb7 46. Nc6 Nc5 47. Nxb8 Nxd7 48. Nxd7 Kf7 49. Kd3 Ke7 50. Ne5 a3 51. Kc3 Kd6 52. Kb4 Kc7 53. Kxa3 Kb6 54. Kb4 1-0


[Site "https://www.chess.com"]

[Event "Titled Tuesday Blitz August 22 Early 2023"]
[White "Issabayev, Dias"]
[Black "Kuzhilniy, Oleksandr"]
[WhiteFideId "13703110"]
[BlackFideId "34110500"]
[WhiteElo "2441"]
[BlackElo "2609"]
[Result "0-1"]
[Round "3"]
[TimeControl "180+1"]
[Date "2023.08.22"]
[WhiteClock "0:00:11"]
[BlackClock "0:00:16"]
[Board "119"]

1. e4 c6 2. d4 d5 3. Nc3 dxe4 4. Nxe4 Nf6 5. Nxf6+ exf6 6. Nf3 Bd6 7. Bd3 O-O 8. O-O Bg4 9. h3 Bh5 10. Bf5 Nd7 11. Qd3 Bg6 12. Nh4 Re8 13. Bd2 Nf8 14. Rfe1 Qc7 15. c4 Bh5 16. d5 c5 17. Rxe8 Rxe8 18. Re1 Rxe1+ 19. Bxe1 Qe7 20. Qe4 Be5 21. g4 Bg6 22. Bc3 Qd6 23. Bxe5 fxe5 24. Kg2 b6 25. Qe2 Qf6 26. Kg3 Bxf5 27. Nxf5 Ng6 28. d6 Nf8 29. Qe4 g6 30. Ne7+ Kg7 31. Qc6 e4 32. Nd5 Qf3+ 33. Kh2 Qxf2+ 34. Kh1 e3 35. Qe8 e2 36. Qe5+ f6 37. Qe7+ Kg8 38. Nxf6+ Qxf6 39. Qxf6 e1=Q+ 40. Kg2 Qd2+ 41. Kg3 Qe1+ 42. Kg2 Qe6 43. Qe7 Qxc4 44. Kg3 Qd3+ 45. Kh4 Qd5 46. Kg3 Qe6 47. Qd8 Kf7 48. Qc7+ Nd7 49. b3 g5 50. Kg2 Kf6 51. Qd8+ Ke5 52. Qxg5+ Kxd6 53. Qf4+ Ne5 54. Qd2+ Qd5+ 55. Qxd5+ Kxd5 56. Kg3 Ke4 57. h4 b5 58. g5 c4 59. bxc4 bxc4 60. Kf2 Kd3 61. g6 Nxg6 62. h5 Nf4 63. h6 c3 64. Kf3 Ne6 65. a4 c2 66. Kg4 c1=Q 67. a5 Qg5+ 68. Kf3 Qf4+ 69. Kg2 Ke2 70. a6 Qg4+ 71. Kh2 Kf2 72. Kh1 Qg2# 0-1


[Site "https://www.chess.com"]

[Event "Titled Tuesday Blitz August 22 Early 2023"]
[White "Arat, Ufuk Sezen"]
[Black "MateoReyes"]
[WhiteFideId "6309089"]
[WhiteElo "2608"]
[BlackElo "2441"]
[Result "1-0"]
[Round "3"]
[TimeControl "180+1"]
[Date "2023.08.22"]
[WhiteClock "0:02:25"]
[BlackClock "0:01:56"]
[Board "120"]

1. e4 c5 2. Nf3 d6 3. d4 cxd4 4. Nxd4 Nf6 5. Bb5+ Nbd7 6. O-O a6 7. Bd3 e5 8. Ne2 h6 9. f4 Be7 10. c4 O-O 11. Nbc3 Nc5 12. Be3 b6 13. b4 Nxd3 14. Qxd3 Bb7 15. h3 Rc8 16. Rad1 Qc7 17. Nd5 Bxd5 18. cxd5 b5 19. fxe5 dxe5 20. d6 Bxd6 21. Rxf6 gxf6 22. Bxh6 Kh7 23. Bxf8 Bxf8 24. Qf3 Qb6+ 25. Kh2 Bh6 26. Qf5+ Kg7 27. Qg4+ Kh7 28. Qxc8 Qe3 29. Qf5+ Kg7 30. Qf3 Qxf3 1-0


[Site "https://www.chess.com"]

[Event "Titled Tuesday Blitz August 22 Early 2023"]
[White "Erzhanov, Arman"]
[Black "Farmani Anosheh, Armin"]
[WhiteFideId "4138821"]
[BlackFideId "24613240"]
[WhiteElo "2608"]
[BlackElo "2440"]
[Result "1-0"]
[Round "3"]
[TimeControl "180+1"]
[Date "2023.08.22"]
[WhiteClock "0:00:46"]
[BlackClock "0:00:00"]
[Board "121"]

1. e4 e5 2. Nf3 Nc6 3. Bb5 a6 4. Bxc6 dxc6 5. Nc3 f6 6. d4 exd4 7. Nxd4 c5 8. Nde2 Qxd1+ 9. Nxd1 Bd6 10. Bf4 Be6 11. Ne3 Ne7 12. O-O-O O-O-O 13. Bxd6 Rxd6 14. Nf4 Bf7 15. Ned5 Nc6 16. Nb6+ Kb8 17. Nd7+ Ka7 18. Nxc5 Rxd1+ 19. Rxd1 Re8 20. f3 Ne5 21. Nfd3 Nc4 22. Re1 b6 23. Nb3 Kb7 24. Nd2 Nd6 25. b3 a5 26. a4 Re7 27. Rd1 h5 28. Nf4 h4 29. h3 Re5 30. Nf1 Rg5 31. Ne3 Kc6 32. c4 Nb7 33. Kc2 Nc5 34. Kc3 Nd7 35. Ned5 Nc5 36. Ne7+ Kb7 37. Rd8 Ne6 38. Nxe6 Bxe6 39. Rd2 c6 40. Kd3 Kc7 41. Ke3 b5 42. cxb5 cxb5 43. Nd5+ Bxd5 44. Rxd5 Rxg2 45. Rxb5 Rg3 46. Rxa5 Kb6 47. Rb5+ Kc6 48. e5 Rxh3 49. exf6 gxf6 50. Rf5 Rh1 51. b4 Ra1 52. Rxf6+ Kd5 53. a5 h3 54. Rh6 Kc4 55. Rh4+ Kb5 56. Kf2 h2 57. Kg2 Ra2+ 58. Kh1 Rb2 59. Re4 Rf2 60. f4 Ka4 61. a6 Kb5 62. a7 Ra2 63. Re5+ Kxb4 64. Re7 Kc5 65. f5 Kd6 66. f6 Ra5 67. Kxh2 Ra3 68. Kg2 Ra5 69. Kf3 Ra4 70. Ke3 Ra1 71. Kd3 Ra4 72. Kc3 Ra1 73. Kb3 Ra6 74. Kb4 Ra1 75. Kb5 Rb1+ 76. Ka6 Ra1+ 77. Kb7 Rb1+ 78. Ka8 Rf1 79. Kb8 Rb1+ 80. Rb7 1-0


[Site "https://www.chess.com"]

[Event "Titled Tuesday Blitz August 22 Early 2023"]
[White "Horobetz, Graham"]
[Black "Mrudul Dehankar"]
[WhiteFideId "2047322"]
[BlackFideId "25096990"]
[WhiteElo "2605"]
[BlackElo "2439"]
[Result "1-0"]
[Round "3"]
[TimeControl "180+1"]
[Date "2023.08.22"]
[WhiteClock "0:00:05"]
[BlackClock "0:00:00"]
[Board "122"]

1. e4 c6 2. d4 d5 3. Nc3 dxe4 4. Nxe4 Nf6 5. Nxf6+ exf6 6. c3 Bd6 7. Bd3 O-O 8. Qc2 Re8+ 9. Ne2 h5 10. O-O h4 11. h3 Nd7 12. Bd2 Nf8 13. Rae1 Bc7 14. Qc1 Ng6 15. Nf4 Nxf4 16. Bxf4 Be6 17. a3 Bd6 18. Bxd6 Qxd6 19. Re4 g5 20. f4 Bd5 21. Rxe8+ Rxe8 22. Qd2 Qe7 23. Kf2 Qd6 24. Kg1 Qe7 25. c4 Qe3+ 26. Qxe3 Rxe3 27. Rd1 Be6 28. Kf2 Rg3 29. f5 Bd7 30. Be4 Kf8 31. d5 c5 32. d6 g4 33. hxg4 Rxg4 34. Bxb7 Rxc4 35. Rd2 Rf4+ 36. Ke3 Rxf5 37. Be4 Re5 38. Kf4 Ke8 39. Rd5 Rxd5 40. Bxd5 Be6 41. Bc6+ Kd8 42. b4 cxb4 43. axb4 Bd7 44. Bf3 Be6 45. Bc6 Bd7 46. b5 Be6 47. Ke3 Bd7 48. Kd4 Be6 49. Kc5 h3 50. gxh3 Bxh3 51. Kb4 Bc8 52. Kc5 f5 53. Bd5 f6 54. Kc6 Bd7+ 55. Kc5 Bc8 56. Bf3 Bd7 57. Be2 f4 58. Kd5 Bf5 59. Kc6 Bd7+ 60. Kb7 f3 61. Bf1 f2 62. Kxa7 Bc8 63. b6 Kd7 64. Kb8 Kxd6 65. Kxc8 Kc6 66. b7 Kc5 67. b8=Q 1-0


[Site "https://www.chess.com"]

[Event "Titled Tuesday Blitz August 22 Early 2023"]
[White "LeoLV10"]
[Black "Feng, Eric"]
[BlackFideId "30952590"]
[WhiteElo "2438"]
[BlackElo "2605"]
[Result "1-0"]
[Round "3"]
[TimeControl "180+1"]
[Date "2023.08.22"]
[WhiteClock "0:01:16"]
[BlackClock "0:00:16"]
[Board "123"]

1. e4 c6 2. d4 d5 3. e5 c5 4. dxc5 e6 5. a3 Bxc5 6. b4 Be7 7. Qg4 g5 8. Qh5 Qc7 9. Nf3 Qxc2 10. Bd2 Qb2 11. Bb5+ Bd7 12. Bxd7+ Nxd7 13. Bc3 Qc1+ 14. Ke2 Qxh1 15. Nbd2 Qxg2 16. Rg1 Qxg1 17. Nxg1 Rc8 18. Kd3 h6 19. Ne2 Bf8 20. f4 Ne7 21. Nf3 Ng6 22. f5 exf5 23. e6 Rxc3+ 24. Kxc3 Nf6 25. exf7+ Kxf7 26. Ne5+ Ke6 27. Qxg6 Kxe5 28. Nd4 Ne4+ 29. Kd3 Nf2+ 30. Ke2 Kxd4 31. Qf6+ Ke4 32. Qxh8 Bd6 33. Kxf2 Bxh2 34. Qxh6 Bf4 35. Ke2 d4 36. Qe6+ Be5 37. Qc4 g4 38. Qd3+ Kf4 39. Kf2 Kg5 40. Qb5 Kf4 41. Qxb7 d3 42. Qd5 g3+ 43. Kg2 1-0


[Site "https://www.chess.com"]

[Event "Titled Tuesday Blitz August 22 Early 2023"]
[White "Boarish_Male"]
[Black "Rangel, Daniel"]
[BlackFideId "2124475"]
[WhiteElo "2603"]
[BlackElo "2433"]
[Result "1/2-1/2"]
[Round "3"]
[TimeControl "180+1"]
[Date "2023.08.22"]
[WhiteClock "0:00:05"]
[BlackClock "0:00:05"]
[Board "124"]

1. e4 c5 2. Nf3 d6 3. d4 cxd4 4. Nxd4 Nf6 5. Nc3 a6 6. Bc4 e6 7. Bb3 Be7 8. O-O O-O 9. f4 b5 10. f5 e5 11. Nf3 Bb7 12. Re1 Nbd7 13. Nd5 Nb6 14. Nxf6+ Bxf6 15. Be3 Bxe4 16. Kh1 Bxf5 17. Qe2 Rc8 18. Rad1 Nc4 19. Bc1 Qe7 20. a4 Bg6 21. c3 Rfd8 22. Rd5 Nb6 23. Rdd1 Nxa4 24. c4 Nc5 25. Ba2 b4 26. Nd2 Nd3 27. Rf1 Nxc1 28. Rxc1 h6 29. Ne4 Bxe4 30. Qxe4 a5 31. Bb3 g6 32. c5 Rxc5 33. Qxg6+ Kf8 34. Qxh6+ Bg7 35. Qh5 Rxc1 36. Rxc1 d5 37. Rf1 e4 38. Bxd5 f6 39. Bb3 e3 40. Qh7 Ke8 41. Qg8+ Kd7 42. Rd1+ Kc7 43. Rxd8 Qxd8 44. Qxg7+ Kb6 45. Qg3 Qd2 46. Qf3 e2 47. Qf2+ Kc7 48. Qg3+ Kd8 49. Qg8+ Kc7 50. Qf7+ Kb8 51. Qf8+ Kc7 52. Qf7+ Kb8 53. Qf8+ Kc7 54. Qe7+ Kb8 55. Qe8+ Kc7 56. Qe7+ Kb8 57. Qe8+ Ka7 58. Qe7+ Kb8 1/2-1/2


[Site "https://www.chess.com"]